 Dungeon Crawl Stone Soup version 0.22-a0-614-g34fbaa0 (webtiles) character file.

40 scarywalker64 the Caller (level 3, 0/26 HPs)
             Began as a Barachi Summoner on July 12, 2018.
             Slain by a worm (9 damage)
             ... on level 2 of the Dungeon.
             The game lasted 00:06:56 (2705 turns).

scarywalker64 the Caller (Barachi Summoner)         Turns: 2705, Time: 00:06:57

Health: 0/26       AC:  2    Str:  9    XL:     3   Next: 50%
Magic:  5/6        EV: 12    Int: 16    God:
Gold:   32         SH:  0    Dex: 12    Spells: 3/6 levels left

rFire    . . .     SeeInvis .   i - +0 dagger
rCold    . . .     Gourm    .   (no shield)
rNeg     . . .     Faith    .   a - +0 robe
rPois    .         Spirit   .   (no helmet)
rElec    .         Reflect  .   m - scarf {repulsion}
rCorr    .         Harm     .   (no gloves)
MR       .....                  (no boots)
Stlth    ++........             (no amulet)
HPRegen  0.08/turn              (no ring)
MPRegen  0.10/turn              (no ring)

@: repel missiles, slow
A: +LOS, swims, slowness 1, strong legs 1
a: Hop


You were on level 2 of the Dungeon.
You were not hungry.

You visited 1 branch of the dungeon, and saw 2 of its levels.

You collected 32 gold pieces.

Inventory:

Hand Weapons
 i - a +0 dagger (weapon)
Missiles
 d - 17 poisoned needles
 g - 15 arrows
 h - 20 sling bullets
Armour
 a - a +0 robe (worn)
 m - a scarf of repulsion (worn)
Scrolls
 b - 3 scrolls of identify {unknown}
 f - a scroll of immolation {unknown}
 k - a scroll of teleportation {unknown}
 l - 2 scrolls of remove curse {unknown}
 p - a scroll of fog {unknown}
Potions
 e - 2 potions of degeneration {unknown}
 j - a potion of agility {unknown}
 n - a potion of curing {unknown}
 o - a potion of resistance {unknown}
Comestibles
 c - 2 rations
 q - 2 chunks of flesh


   Skills:
 + Level 1.0 Fighting
 + Level 2.4 Dodging
 + Level 2.1 Stealth
 + Level 2.3 Spellcasting
 + Level 5.6 Summonings


You had 3 spell levels left.
You knew the following spells:

 Your Spells              Type           Power        Failure   Level  Hunger
a - Summon Small Mammal   Summ           ###.         1%          1    #......
b - Call Imp              Summ           ###.....     3%          2    ###....

Your spell library contained the following spells:

 Spells                   Type           Power        Failure   Level  Hunger
 Summon Ice Beast         Ice/Summ       ##......     54%         4    #####..
 Call Canine Familiar     Summ           ###.....     6%          3    ###....
 Summon Lightning Spire   Summ/Air       ##......     54%         4    #####..
 Summon Guardian Golem    Hex/Summ       ##......     19%         3    ###....


Dungeon Overview and Level Annotations

Branches:
Dungeon (2/15)

Altars:


Innate Abilities, Weirdness & Mutations

Shadows flee at your approach. (+LOS)
You can swim through water.
You cover ground slowly.
You can hop short distances.


Message History

A metallic apparition takes form in the air.
The worm bites your iron imp!
Your iron imp hits the worm.
You swap places.
The worm bites you.
You hit the worm.
The worm is moderately wounded.
The worm closely misses you.
You hit the worm.
The worm is moderately wounded.
You hit the worm.
The worm is heavily wounded.
The worm bites you.
You hit the worm but do no damage.
The worm is moderately wounded.
You hit the worm.
The worm is heavily wounded.
The worm bites you.
You barely miss the worm.
The worm is heavily wounded.
The worm bites you!
You die...

.. #. .. .... #.##.# . #..#
###..#.##. ....## .. #........#
...... ##.#
########........#.....#..# ...
....[.##........#........... #..
......##...........# . ..... #..
......##.......)######. #...###..
......##.......w@5..##.##........
......##........##.........>..#..
.....<##........#...##.....#.....
#.............................#..
#..###########.###...............
...## #.# ###...........## #...#
#.#####...........# #...#
########.##....#.....###.#
#...###.....#.....####..#..# #.#


You could see a worm and a friendly iron imp.

Vanquished Creatures
  3 dart slugs (D:1)
  A leopard gecko (D:1)
  4 giant cockroaches
  A jackal (D:1)
  A ball python (D:1)
  2 bats (D:1)
  4 frilled lizards
  3 goblins
  2 kobolds (D:1)
  7 rats
28 creatures vanquished.

Vanquished Creatures (collateral kills)
  A dart slug (D:1)
  3 bats (D:1)
  2 hobgoblins
  2 jackals (D:1)
  A kobold (D:1)
  A rat (D:2)
10 creatures vanquished.

Grand Total: 38 creatures vanquished

Notes
Turn   | Place    | Note
-------+----------+-------------------------------------------
     0 | D:1      | scarywalker64 the Barachi Summoner began the quest for the Orb.
     0 | D:1      | Reached XP level 1. HP: 13/13 MP: 3/3
   241 | D:1      | Reached skill level 5 in Summonings
   450 | D:1      | Reached XP level 2. HP: 9/19 MP: 5/5
   618 | D:1      | Learned a level 2 spell: Call Imp
  1663 | D:1      | Reached XP level 3. HP: 19/25 MP: 6/6
  2646 | D:2      | Reached skill level 1 in Fighting
  2705 | D:2      | Slain by a worm

Vault maps used:
D:1:      dpeg_arrival_snail, kennysheep_pointless_box, patterned_corridor
D:2:      nicolae_ashenzari_panopticon, minmay_crystal_water

Skill      XL: |  1  2  3 |
---------------+----------+-----
Summonings     | 5 |  5.6
Stealth        | 2 |  2.1
Fighting       | 1 |  1.0
Dodging        | |  2.4
Spellcasting   | |  2.3

Action                   || total
-------------------------++-------
Melee: Club              ||     9
       Dagger            ||   138
       Unarmed           ||     1
 Cast: Summon Small Mamm ||     6
       Call Imp          ||     4
 Stab: Sleeping          ||     2
  Eat: Chunk             ||     4
       Ration            ||     1
Armor: Robe              ||    50
Dodge: Dodged            ||   113
       Deflected         ||     1

Table legend:
 A = Spawn XP
 B = Non-spawn XP
 C = Spawn XP percentage of total XP
 D = Spawn monster count
 E = Non-spawn monster count
 F = Spawn count percentage of total count
 G = Total turns spent on level
                    A         B        C        D         E        F      G
               +---------+---------+-------+---------+---------+-------+---------
         Total |       0 |      58 |   0.0 |       0 |      38 |   0.0 |  2705
               +---------+---------+-------+---------+---------+-------+---------
           D:1 |       0 |      45 |   0.0 |       0 |      30 |   0.0 |  2302
           D:2 |       0 |      13 |   0.0 |       0 |       8 |   0.0 |   403
               +---------+---------+-------+---------+---------+-------+---------
